 Dungeon Crawl Stone Soup version 0.28-a0-1143-gcf6077d4cc (webtiles) character file.

Game seed: 17472371687124667445

24 leviel the Skirmisher (level 3, -1/33 HPs)
             Began as a Hill Orc Fighter on Dec 14, 2021.
             Succumbed to an adder's poison
             ... on level 2 of the Dungeon.
             The game lasted 00:00:54 (585 turns).

leviel the Skirmisher (Hill Orc Fighter)             Turns: 585, Time: 00:00:54

Health: -1/33      AC:  6    Str: 20    XL:     3   Next: 2%
Magic:  3/3        EV:  9    Int:  8    God:
Gold:   55         SH:  4    Dex: 10    Spells: 2/2 levels left

rFire   . . .      SeeInvis .   a - +0 war axe
rCold   . . .      Faith    .   c - +0 buckler
rNeg    . . .      Spirit   .   b - +0 scale mail
rPois   .          Reflect  .   (no helmet)
rElec   .          Harm     .   (no cloak)
rCorr   .          Rampage  .   (no gloves)
Will    .....                   (no boots)
Stlth   ..........              (no amulet)
HPRegen 0.11/turn               (no ring)
MPRegen 0.08/turn               (no ring)

@: lethally poisoned (-1 -> -8)
A: no striking features
a: no special abilities


You were on level 2 of the Dungeon.
You visited 1 branch of the dungeon, and saw 2 of its levels.

You collected 55 gold pieces.

Inventory:

Hand Weapons
 a - a +0 war axe (weapon)
Armour
 b - a +0 scale mail (worn)
 c - a +0 buckler (worn)
Potions
 d - a potion of might
 e - a potion of ambrosia {unknown}


   Skills:
 + Level 3.8 Fighting
 * Level 3.3 Axes
 + Level 3.4 Armour
 + Level 0.3 Dodging
 + Level 3.4 Shields
 + Level 0.9 Invocations
 + Level 0.4 Evocations


You had 2 spell levels left.
You didn't know any spells.
Your spell library was empty.

Dungeon Overview and Level Annotations

Branches:
Dungeon (2/15)

Altars:


Message History

The adder bites you but does no damage.
You are too injured to fight recklessly!
You are too injured to fight recklessly!
You are too injured to fight recklessly!
You are too injured to fight recklessly!
You are too injured to fight recklessly!
You are too injured to fight recklessly!
You are too injured to fight recklessly!
You are too injured to fight recklessly!
An adder is nearby!
You closely miss the adder.
The adder bites you but does no damage. x2
You miss the adder. The adder closely misses you. The adder bites you.
You barely miss the adder. The adder barely misses you.
The adder bites you but does no damage.
You closely miss the adder. The adder closely misses you.
You completely miss the adder. The adder bites you. x2
You are poisoned.
The adder poisons you!
You closely miss the adder.
You feel sick. The adder bites you.
You are more poisoned.
The adder poisons you! The adder bites you but does no damage.
You closely miss the adder.
You feel sick. The adder bites you.
You are more poisoned.
The adder poisons you! You block the adder's attack.
You closely miss the adder.
You feel very sick. The adder bites you.
* * * LOW HITPOINT WARNING * * *
You are more poisoned.
The adder poisons you!
You barely miss the adder.
* * * LOW HITPOINT WARNING * * *
You feel very sick. The adder closely misses you.
The adder bites you but does no damage.
You closely miss the adder.
* * * LOW HITPOINT WARNING * * *
You feel very sick. The adder bites you but does no damage.
The adder completely misses you.
You closely miss the adder.
You die...

##.#.# .....!.# #....#
....... .###....###
.....# ..........####
....# ####......#... #
...######.......... #.
... ............. .###.
#.# ##...........
......#@#####...........
#..S................(
#....................
#....................
.....########..........
#.... ##.....#... #####
##########


You could see an adder.

Vanquished Creatures
  2 dart slugs (D:1)
  2 ball pythons (D:1)
  4 endoplasms (D:1)
  3 hobgoblins (D:1)
  A quokka (D:1)
  3 bats (D:1)
  A frilled lizard (D:1)
  A goblin (D:1)
  A rat (D:1)
18 creatures vanquished.

Notes
Turn   | Place    | Note
-------+----------+-------------------------------------------
     0 | D:1      | leviel the Hill Orc Fighter began the quest for the Orb.
     0 | D:1      | Reached XP level 1. HP: 19/19 MP: 1/1
    89 | D:1      | Found a faded altar of an unknown god.
   128 | D:1      | Reached XP level 2. HP: 27/27 MP: 2/2
   508 | D:1      | Reached XP level 3. HP: 33/33 MP: 3/3
   584 | D:2      | HP: 1/33 [poisoned by an adder]
   585 | D:2      | Succumbed to an adder's poison

Illustrated notes

Levels and vault maps discovered:
D:1:      dpeg_arrival_pits, layout_loops_cross,
          chequers_ecumenical_altar_simple_redux
D:2:      layout_rooms, minmay_heptomino_h4

Skill      XL: |  1 |
---------------+----+-----
Axes           | 3 |  3.3
Fighting       | |  3.8
Armour         | |  3.4
Dodging        | |  0.3
Shields        | |  3.4
Invocations    | |  0.9
Evocations     | |  0.4

Action                   || total
-------------------------++-------
Melee: War axe           ||    74
  Use: Scroll            ||     1
Armor: Scale mail        ||    38
Dodge: Dodged            ||    48
Block: Buckler           ||    15

Table legend: (Time is in decaauts)
 A = Elapsed time spent in this place.
 B = Non-inter-level travel time spent in this place.
 C = Inter-level travel time spent in this place.
 D = Time resting spent in this place.
 E = Time spent auto-exploring this place.
 F = Levels seen in this place.
 G = Mean time per level.
                   A        B        C        D        E       F      G
               +--------+--------+--------+--------+--------+-----+--------+
         Total |    611 |    588 |     23 |      0 |    424 |   2 |  305.5 |
       Dungeon |    611 |    588 |     23 |      0 |    424 |   2 |  305.5 |
               +--------+--------+--------+--------+--------+-----+--------+

Top non-repeatable levels by time:
     D:1: 552 daAuts
     D:2: 59 daAuts
